 Dungeon Crawl Stone Soup version 0.30-a0-867-g305f33218d (webtiles) character file.

Game seed: 13319582059818659064

80 Dittersdorf the Shield-Bearer (level 4, -3/29 HPs)
             Began as a Gargoyle Fighter on Mar 10, 2023.
             Killed from afar by Crazy Yiuf (13 damage)
             ... with a bolt of light
             ... on level 2 of the Dungeon.
             The game lasted 00:01:57 (1346 turns).

Dittersdorf the Shield-Bearer (Gargoyle Fighter)    Turns: 1346, Time: 00:01:58

Health: -3/29      AC: 13    Str: 21    XL:     4   Next: 39%
Magic:  4/4        EV: 12    Int:  9    God:
Gold:   140        SH:  4    Dex:  9    Spells: 3/3 levels left

rFire   . . .      SeeInvis .    n - +1 hammer (drain)
rCold   . . .      Faith    .    c - +0 buckler
rNeg    + . .      Spirit   .    o - +0 chain mail
rPois   ∞          Reflect  .    (no helmet)
rElec   +          Rampage  .    (no cloak)
rCorr   .                        (no gloves)
Will    .....                    (no boots) Stlth
                                 e - amulet of regeneration
HPRegen 1.04/turn                b - +5 ring of evasion
MPRegen 0.09/turn                (no ring)

@: no status effects
A: sickness immunity, AC +3, negative energy resistance 1, electricity
resistance, torment resistance 1, petrification resistance
a: no special abilities


You were on level 2 of the Dungeon.
You visited 1 branch of the dungeon, and saw 2 of its levels.

You collected 140 gold pieces.

Inventory:

Hand Weapons
 a - a +0 flail
 n - a +1 hammer of draining (weapon)
Armour
 c - a +0 buckler (worn)
 o - a +0 chain mail (worn)
Jewellery
 b - a +5 ring of evasion (left hand)
 e - an amulet of regeneration (around neck)
Scrolls
 g - 2 scrolls of teleportation {unknown}
 i - 2 scrolls of fear {unknown}
 k - a scroll of identify {unknown}
 l - 2 scrolls of immolation {unknown}
 m - a scroll of torment {unknown}
Potions
 d - 2 potions of might
 f - 3 potions of curing {unknown}
 h - 2 potions of degeneration {unknown}
 j - a potion of flight {unknown}


   Skills:
 + Level 4.0 Fighting
 + Level 2.7 Maces & Flails
 + Level 3.9 Armour
 + Level 4.0 Shields


You had 3 spell levels left.
You didn't know any spells.
Your spell library contained the following spells:

 Spells                   Type           Power      Damage    Failure   Level
 Gell's Gravitas          Tloc           0%         N/A       100%        3
 Teleport Other           Tloc           0%         N/A       100%        3
 Summon Ice Beast         Ice/Summ       0%         N/A       100%        4
 Summon Mana Viper        Hex/Summ       0%         N/A       100%        5
 Dispersal                Tloc           0%         N/A       100%        6
 Monstrous Menagerie      Summ           0%         N/A       100%        7


Dungeon Overview and Level Annotations

Branches:
Dungeon (2/15)

Altars:

Annotations:
D:2 Crazy Yiuf


Innate Abilities, Weirdness & Mutations

You are immune to sickness and miasma.
Your stone body is resilient. (AC +3)
You are immune to poison.
You resist negative energy. (rN+)
You are resistant to electric shocks. (rElec)
You are resistant to unholy torment.
You are immune to petrification.


Message History

You see here a hobgoblin skeleton.
You now have 140 gold pieces (gained 17).
A goblin comes into view. It is wielding a +0 dagger.
The goblin shouts!
You closely miss the goblin. The goblin completely misses you.
You block the goblin's attack.
You hit the goblin. You drain the goblin.
The goblin is severely wounded.
The goblin barely misses you.
You closely miss the goblin.
The goblin is severely wounded.
The goblin barely misses you.
You hit the goblin.
You kill the goblin!
No target in view!
No target in view!
No target in view!
No target in view!
No target in view!
No target in view!
No target in view!
No target in view!
No target in view!
No target in view!
No target in view!
You see here a hobgoblin skeleton.
You see here a +0 scale mail.
You see here a +0 dagger.
No reachable target in view!
As you open the door, it creaks loudly!
You barely miss Crazy Yiuf. Crazy Yiuf hits you but does no damage.
You barely miss Crazy Yiuf.
Crazy Yiuf zaps a wand.
The bolt of light hits you!!
You are confused.
Ouch! That really hurt!
You bump into the tree.
You feel less confused.
Crazy Yiuf hits you with a +3 quarterstaff of chaos.
You barely miss Crazy Yiuf.
Crazy Yiuf zaps a wand.
The bolt of light hits you!
You die...

##..).#..###...####
#...)##### #.......
#....# ####...##.#
♣♣.).♣ #......##<#
♣..)♣♣ #####..##.#
♣♣.♣♣ #..##.# ♣.♣♣
#..##.# ♣♣.♣
#..##.# ♣@♣♣
#####..##.# ♣♣g♣
#......##.# #'#
#####..##.# ...
#...... #...#
###.###.# #..)#
#.......# #####
#.#.##### ###.#.#
### ###.....#####


You could see Crazy Yiuf.

Vanquished Creatures
  3 adders (D:2)
  A dart slug (D:1)
  An orc (D:2)
  4 ball pythons (D:1)
  5 bats
  6 endoplasms
  2 giant cockroaches (D:2)
  7 goblins
  4 hobgoblins
  3 quokkas
  3 frilled lizards
  3 kobolds
  3 rats (D:2)
45 creatures vanquished.

Notes
Turn   | Place    | Note
-------+----------+-------------------------------------------
     0 | D:1      | Dittersdorf the Gargoyle Fighter began the quest for the
                  | Orb.
     0 | D:1      | Reached XP level 1. HP: 14/14 MP: 1/1
    53 | D:1      | Reached XP level 2. HP: 19/19 MP: 2/2
   109 | D:1      | Found a faded altar of an unknown god.
   401 | D:1      | Reached XP level 3. HP: 20/24 MP: 3/3
   877 | D:2      | Found a runed translucent door.
   878 | D:2      | Noticed Crazy Yiuf
   928 | D:2      | Reached XP level 4. HP: 29/29 MP: 4/4
  1346 | D:2      | Killed from afar by Crazy Yiuf

Illustrated notes

Levels and vault maps discovered:
D:1:      moated_graveyard_arrival, layout_basic,
          dreamdust_ecumenical_altar_grove, minmay_box_of_dots
D:2:      layout_loops_ring, uniq_crazy_yiuf_cottage

Skill      XL: |  1  2  3  4 |
---------------+-------------+-----
Shields        | 4 |  4.0
Fighting       | 4 |  4.0
Maces & Flails | |  2.7
Armour         | |  3.9

Action                     |  1- 3 |  4- 6 || total
---------------------------+-------+-------++-------
  Melee: Flail             |    99 |       ||    99
         Mace              |    10 |    30 ||    40
 Armour: Scale mail        |    71 |       ||    71
         Chain mail        |       |    14 ||    14
  Dodge: Dodged            |    45 |     7 ||    52
  Block: Buckler           |    25 |     4 ||    29

Table legend: (Time is in decaauts)
 A = Elapsed time spent in this place.
 B = Non-inter-level travel time spent in this place.
 C = Inter-level travel time spent in this place.
 D = Time resting spent in this place.
 E = Time spent auto-exploring this place.
 F = Levels seen in this place.
 G = Mean time per level.
                   A        B        C        D        E       F      G
               +--------+--------+--------+--------+--------+-----+--------+
         Total |   1390 |   1353 |     37 |      0 |    999 |   2 |  695.0 |
       Dungeon |   1390 |   1353 |     37 |      0 |    999 |   2 |  695.0 |
               +--------+--------+--------+--------+--------+-----+--------+

Top non-repeatable levels by time:
     D:2: 734 daAuts
     D:1: 655 daAuts
